 Dungeon Crawl Stone Soup version 0.29.1-1-gd02db69 (webtiles) character file.

Game seed: 15501081600341979908

2658 Kel the Cleaver (level 9, 0/51 HPs)
             Began as a Gargoyle Fighter on Nov 23, 2022.
             Was an Initiate of Gozag.
             Slain by an orc warrior
             ... wielding a +0 war axe
              (17 damage)
             ... on level 8 of the Dungeon.
             The game lasted 00:09:42 (6177 turns).

Kel the Cleaver (Gargoyle Fighter)                  Turns: 6177, Time: 00:09:43

Health: 0/51       AC: 18    Str: 31    XL:     9   Next: 62%
Magic:  9/9        EV:  8    Int:  8    God:    Gozag
Gold:   565        SH:  7    Dex:  9    Spells: 8/8 levels left

rFire   . . .      SeeInvis +   w - +2 hand axe (vorpal)
rCold   + . .      Faith    .   C - +0 kite shield
rNeg    + . .      Spirit   .   c - +4 scale mail "Efis Fexypt" {rC+}
rPois   ∞          Reflect  .   E - +0 helmet
rElec   +          Harm     .   x - scarf {shadows}
rCorr   .          Rampage  .   (no gloves)
Will    .....                   (no boots)
Stlth   ..........              (no amulet)
HPRegen 0.17/turn               l - ring of see invisible
MPRegen 0.11/turn               v - +6 ring of strength

@: gold aura
A: sickness immunity, AC +6, negative energy resistance 1, electricity
resistance, torment resistance 1, petrification resistance
a: Renounce Religion, Potion Petition, Call Merchant, Bribe Branch


You were on level 8 of the Dungeon.
You worshipped Gozag.
Gozag was pleased with you.
You visited 2 branches of the dungeon, and saw 9 of its levels.

You collected 704 gold pieces.
You paid 139 gold pieces to Gozag.

Inventory:

Hand Weapons
 w - a +2 vorpal hand axe (weapon)
 D - a +2 flail of holy wrath
Armour
 c - the +4 scale mail "Efis Fexypt" (worn) {rC+}
   (You found it on level 7 of the Dungeon)

   rC:        It protects you from cold.
 x - a scarf of shadows (worn)
 C - a +0 kite shield (worn)
 E - a +0 helmet (worn)
Jewellery
 l - a ring of see invisible (left hand)
 v - a +6 ring of strength (right hand)
Wands
 f - a wand of flame (9)
Scrolls
 a - a scroll of summoning {unknown}
 g - a scroll of teleportation {unknown}
 i - 2 scrolls of blinking {unknown}
 j - 2 scrolls of acquirement {unknown}
 k - a scroll of fear {unknown}
 p - a scroll of magic mapping {unknown}
 s - a scroll of amnesia {unknown}
 y - 2 scrolls of immolation {unknown}
 z - a scroll of enchant armour {unknown}
Potions
 b - a potion of cancellation
 d - 2 potions of might
 e - 5 potions of flight
 n - a potion of invisibility
 o - 3 potions of mutation
 q - a potion of heal wounds
 t - 4 potions of curing
 u - a potion of magic {unknown}
 A - 2 potions of resistance {unknown}
 B - a potion of haste {unknown}


   Skills:
 - Level 3.3 Fighting
 + Level 11.8 Axes
 - Level 3.3 Armour
 - Level 3.3 Shields


You had 8 spell levels left.
You didn't know any spells.
Your spell library contained the following spells:

 Spells                   Type           Power      Damage    Failure   Level
 Beastly Appendage        Tmut           0%         N/A       95%         1
 Wereblood                Tmut           0%         N/A       99%         2
 Conjure Flame            Conj/Fire      0%         6-21      100%        3
 Frozen Ramparts          Ice            0%         1d1       100%        3
 Ignite Poison            Fire/Tmut/Pois 0%         N/A       100%        3
 Spider Form              Tmut/Pois      0%         N/A       100%        3
 Ice Form                 Ice/Tmut       0%         N/A       100%        4
 Sticky Flame             Conj/Fire      0%         2d3       100%        4
 Summon Ice Beast         Ice/Summ       0%         N/A       100%        4


Dungeon Overview and Level Annotations

Branches:
Dungeon (8/15)             Temple (1/1) D:6
   Lair: D:8-11

Altars:
Ashenzari
Cheibriados
Dithmenos
Elyvilon
Fedhas
Gozag
Hepliaklqana
Kikubaaqudgha
Makhleb
Nemelex Xobeh
Okawaru
Ru
Sif Muna
Trog
Uskayaw
Vehumet
Wu Jian
Xom
Yredelemnul
Zin
The Shining One

Shops:
D:5 !


Innate Abilities, Weirdness & Mutations

You are immune to sickness and miasma.
Your stone body is resilient. (AC +6)
You are immune to poison.
You resist negative energy. (rN+)
You are resistant to electric shocks. (rElec)
You are resistant to unholy torment.
You are immune to petrification.


Message History

The orc warrior hits you with a +0 war axe.
You slash the orc!
You kill the orc!
You hit the orc warrior.
The orc warrior hits you with a +0 war axe!
You are too injured to fight recklessly!
You are too injured to fight recklessly!
You are too injured to fight recklessly!
You are too injured to fight recklessly!
You barely miss the orc warrior.
The orc warrior is moderately wounded.
The orc warrior barely misses you.
You slash the orc warrior!
The orc warrior is severely wounded.
The orc warrior hits you but does no damage.
You hit the orc warrior but do no damage.
The orc warrior is severely wounded.
You barely miss the orc warrior.
The orc warrior is severely wounded.
You block the orc warrior's attack.
You closely miss the orc warrior.
The orc warrior is severely wounded.
You block the orc warrior's attack.
You hit the orc warrior.
The orc warrior is severely wounded.
The orc warrior barely misses you.
You slash the orc warrior!
The orc warrior is almost dead.
The orc warrior hits you with a +0 war axe!
You hit the orc warrior but do no damage.
The orc warrior is almost dead.
The orc warrior completely misses you.
You barely miss the orc warrior.
The orc warrior is almost dead.
The orc warrior hits you with a +0 war axe.
You hit the orc warrior but do no damage.
The orc warrior is almost dead.
The orc warrior hits you with a +0 war axe!
You die...
Your body crumbles into a pile of gold.

........# ##+###
........#...#....+ .
........#...#....# ..
........#...#....# ...
........#...#..$o# ....
........#...####@#.....
....)...#...##.....#
....>...#....).....#
........#...)#.....#
........'....#.....#
........######.....#
####'#...............
....<#...............
.....#...............


You could see an orc warrior.

Vanquished Creatures
  4 yaks (D:7)
  Eustachio (D:5)
  Menkaure (D:4)
  A water moccasin (D:5)
  2 orc warriors
  An ogre (D:6)
  3 centaurs
  2 phantoms
  A kobold brigand (D:7)
  3 bullfrogs
  2 necrophages
  2 scorpions
  5 hounds
  A jelly (D:6)
  2 iguanas
  5 orc wizards
  5 adders
  2 white imps
  An ufetubus (D:6)
  2 worms
  A dart slug (D:2)
  22 orcs
  6 endoplasms
  3 giant cockroaches
  6 goblins
  6 hobgoblins
  A jackal (D:2)
  3 quokkas (D:1)
  10 ball pythons
  3 bats
  5 frilled lizards
  10 kobolds
  10 rats
132 creatures vanquished.

Notes
Turn   | Place    | Note
-------+----------+-------------------------------------------
     0 | D:1      | Kel the Gargoyle Fighter began the quest for the Orb.
     0 | D:1      | Reached XP level 1. HP: 14/14 MP: 1/1
    29 | D:1      | Reached skill level 2 in Axes
   211 | D:1      | Reached XP level 2. HP: 19/19 MP: 2/2
   864 | D:2      | Reached skill level 3 in Axes
   866 | D:2      | Reached XP level 3. HP: 22/23 MP: 3/3
  1373 | D:2      | Reached XP level 4. HP: 26/28 MP: 4/4
  1604 | D:3      | Reached skill level 4 in Axes
  1846 | D:3      | Found a faded altar of an unknown god.
  2133 | D:4      | Noticed Menkaure
  2149 | D:4      | Killed Menkaure
  2150 | D:4      | Reached skill level 5 in Axes
  2150 | D:4      | Reached XP level 5. HP: 24/32 MP: 5/5
  2155 | D:4      | Reached XP level 6. HP: 22/37 MP: 6/6
  2393 | D:5      | Entered Level 5 of the Dungeon
  2414 | D:5      | Reached skill level 6 in Axes
  2769 | D:5      | Noticed Eustachio
  2780 | D:5      | Reached XP level 7. HP: 23/41 MP: 7/7
  2793 | D:5      | Killed Eustachio
  2794 | D:5      | Reached skill level 7 in Axes
  3457 | D:5      | Found Kiphu Ucs's Distillery.
  3564 | D:5      | Reached skill level 8 in Axes
  3729 | D:6      | Reached XP level 8. HP: 46/46 MP: 8/8
  3971 | D:6      | Reached skill level 9 in Axes
  4227 | D:6      | Found a staircase to the Ecumenical Temple.
  4294 | Temple   | Entered the Ecumenical Temple
  4492 | Temple   | Became a worshipper of Gozag Ym Sagoz the Greedy
  4660 | D:6      | Found a bloodstained altar of Trog.
  4668 | D:6      | Found a shadowy altar of Dithmenos.
  4895 | D:7      | Found a broken altar of Ashenzari.
  4932 | D:7      | Reached skill level 10 in Axes
  4940 | D:7      | Identified the +4 scale mail "Efis Fexypt" {rC+}
  5265 | D:7      | Reached XP level 9. HP: 44/51 MP: 9/9
  5640 | D:7      | Reached skill level 11 in Axes
  6177 | D:8      | Slain by an orc warrior

Illustrated notes

Levels and vault maps discovered:
D:1:      psy_arrival_fountain, layout_loops_ring, st_stairs_4,
          minmay_misc_feat_nine_boxes, serial_park_tiny_pond
D:2:      layout_basic, minmay_hexomino_p4
D:3:      layout_rooms, dreamdust_ecumenical_altar_statues
D:4:      layout_basic, uniq_menkaure, uniq_pikel
D:5:      layout_loops_ring, serial_shops, shop, minivault_5, uniq_eustachio
D:6:      layout_basic, mainiacjoe_overflow_big_doors,
          minmay_temple_entry_purple_smoke
D:7:      layout_loops_ring, mainiacjoe_overflow_paths
D:8:      layout_gridville, lair_entry_dummy
Temple:   compressed_dpeg_circular_temple

Skill      XL: |  1  2  3  4  5  6  7  8  9 |
---------------+----------------------------+-----
Axes           | 2 3 5 6 8 10 11 | 11.8
Fighting       | |  3.3
Armour         | |  3.3
Shields        | |  3.3

Action                   |  1- 3 |  4- 6 |  7- 9 || total
-------------------------+-------+-------+-------++-------
Melee: War axe           |    99 |   108 |       ||   207
       Hand axe          |       |     6 |   239 ||   245
  Use: Potion            |       |       |     1 ||     1
       Scroll            |       |       |     7 ||     7
Armor: Scale mail        |    65 |    90 |    99 ||   254
Dodge: Dodged            |    62 |    55 |    71 ||   188
Block: Buckler           |    22 |    30 |    19 ||    71
       Kite shield       |       |       |    40 ||    40
